[Event "Titled Tuesday Blitz July 27 2021"]
[White "Sarana, Alexey"]
[Black "Shahade, Gregory"]
[WhiteFideId "24133795"]
[BlackFideId "2009064"]
[WhiteElo "2646"]
[BlackElo "2708"]
[Result "1-0"]
[Round "08"]
[TimeControl "180+1"]
[Date "2021.07.27"]
[WhiteClock "0:00:20"]
[BlackClock "0:00:01"]

1. e4 e5 2. Nf3 Nc6 3. Bc4 Nf6 4. d3 Bc5 5. c3 a6 6. h3 Ba7 7. Bb3 d6 8. Nbd2 O-O 9. O-O h6 10. Re1 Re8 11. Nf1 Be6 12. Bc2 d5 13. exd5 Bxd5 14. Ng3 Qd6 15. Nh4 Ne7 16. Qe2 Rad8 17. Be3 Bxe3 18. Qxe3 Nc6 19. Ngf5 Qf8 20. Rad1 Kh8 21. Nf3 Ng8 22. Ng3 Nf6 23. a3 a5 24. Ba4 Re6 25. Bxc6 Bxc6 26. Nxe5 Ba4 27. Rc1 Kg8 28. d4 Nd7 29. Nxd7 Bxd7 30. Qf4 c6 31. Rxe6 Bxe6 32. Re1 a4 33. Re5 Qd6 34. Nf5 Qf8 35. Ng3 Qd6 36. Ne4 Qe7 37. Nc5 Rd6 38. Qe3 Qf6 39. Nxb7 Rd5 40. Nc5 Rxe5 41. Qxe5 Qg6 42. Nxe6 fxe6 43. Kh2 Qc2 44. Qxe6+ Kh7 45. Qxc6 Qxb2 46. Qxa4 Qxf2 47. d5 Qd2 48. Qe4+ Kh8 49. Qd4 Qe2 50. d6 Qe8 51. d7 Qb8+ 52. Kg1 Qb1+ 53. Kf2 Qc2+ 54. Ke3 Qc1+ 55. Ke4 Qe1+ 56. Kd5 Qe7 57. Kc6 Qd8 58. Qb6 Qf6+ 59. Kb7 Qe7 60. Kc8 Kh7 61. d8=Q Qe5 62. Qbd6 Qb5 63. Q8d7 Qc4+ 64. Q6c6 Qf4 65. a4 1-0


[Site "https://www.chess.com"]

[Event "Titled Tuesday Blitz July 27 2021"]
[White "Shevchenko, Kirill"]
[Black "Can, Emre"]
[WhiteFideId "14129574"]
[BlackFideId "6302181"]
[WhiteElo "2880"]
[BlackElo "2659"]
[Result "1-0"]
[Round "08"]
[TimeControl "180+1"]
[Date "2021.07.27"]
[WhiteClock "0:00:41"]
[BlackClock "0:00:12"]

1. Nf3 g6 2. g3 Bg7 3. c4 e5 4. Nc3 Nc6 5. Bg2 d6 6. d3 Nf6 7. e4 O-O 8. h3 a5 9. O-O Nd7 10. Be3 Nc5 11. d4 exd4 12. Nxd4 Bd7 13. Ndb5 Ne5 14. b3 Re8 15. Rb1 f5 16. f4 Ned3 17. e5 dxe5 18. fxe5 Bxe5 19. Bxc5 Bxb5 20. Bd5+ Kg7 21. Qxd3 Bc6 22. Bd4 Bxd5 23. Nxd5 Qd6 24. Rbe1 c6 25. Bxe5+ Rxe5 26. Qc3 Re8 27. Nf4 Kh6 28. Rxe5 Rxe5 29. Qc1 g5 30. Ng2 Re2 31. Qc3 Kg6 32. Qf3 Qe5 33. h4 h6 34. hxg5 hxg5 35. Rf2 Re4 36. Qd3 Rd4 37. Qf3 a4 38. Ne3 axb3 39. axb3 Rd3 40. Qxf5+ Qxf5 41. Nxf5 Rxb3 42. Kg2 Kf6 43. Nd4+ 1-0


[Site "https://www.chess.com"]

[Event "Titled Tuesday Blitz July 27 2021"]
[White "Shkapenko, Pavel"]
[Black "Indjic, Aleksandar"]
[WhiteFideId "4151933"]
[BlackFideId "911925"]
[WhiteElo "2386"]
[BlackElo "2643"]
[Result "1-0"]
[Round "08"]
[TimeControl "180+1"]
[Date "2021.07.27"]
[WhiteClock "0:00:14"]
[BlackClock "0:00:01"]

1. e4 c5 2. c3 d5 3. exd5 Qxd5 4. Nf3 Nf6 5. d4 e6 6. Be2 Be7 7. O-O O-O 8. c4 Qd8 9. dxc5 Bxc5 10. Nc3 Nc6 11. a3 Nd4 12. b4 Nxf3+ 13. Bxf3 Bd4 14. Bb2 e5 15. Qc2 Be6 16. c5 Qe7 17. Rfe1 a6 18. Na4 Rad8 19. Rad1 Qc7 20. Nb6 h5 21. Nc4 Bxb2 22. Nxb2 b6 23. Na4 Rxd1 24. Qxd1 b5 25. Nc3 Rd8 26. Qe2 Rd4 27. Qxe5 Qd8 28. h3 Rc4 29. Ne4 Nxe4 30. Bxe4 h4 31. Bf3 Qd2 32. Re4 Rxe4 33. Bxe4 Qe1+ 34. Kh2 g6 35. Qb8+ Kh7 36. Qf4 Kg7 37. Qxh4 Qc3 38. Qg3 1-0


[Site "https://www.chess.com"]

[Event "Titled Tuesday Blitz July 27 2021"]
[White "Shtyka, Sergey"]
[Black "Horobetz, Graham"]
[WhiteFideId "4138465"]
[BlackFideId "2047322"]
[WhiteElo "2064"]
[BlackElo "2617"]
[Result "1-0"]
[Round "08"]
[TimeControl "180+1"]
[Date "2021.07.27"]
[WhiteClock "0:00:42"]
[BlackClock "0:00:03"]

1. e4 c5 2. Nf3 d6 3. d4 cxd4 4. Nxd4 Nf6 5. Nc3 a6 6. Bc4 e6 7. O-O Be7 8. Be3 b5 9. Bd3 Bb7 10. a3 Nbd7 11. f4 O-O 12. Qf3 Rc8 13. Rae1 Nb6 14. Qh3 Qc7 15. Nf3 e5 16. fxe5 dxe5 17. Ng5 h6 18. Nf3 Bc5 19. Nh4 Bxe3+ 20. Rxe3 Qd7 21. Nf5 Kh8 22. Qh4 Ng8 23. Rg3 Rc6 24. Rxg7 Qe6 25. Nd5 Nc8 26. Rf3 Nd6 27. Rxg8+ Rxg8 28. Nxh6 Rg6 29. Nxf7+ 1-0


[Site "https://www.chess.com"]

[Event "Titled Tuesday Blitz July 27 2021"]
[White "Sinitsina, Anastassia"]
[Black "Dang, Hoang Son"]
[WhiteFideId "4504640"]
[BlackFideId "12402435"]
[WhiteElo "2204"]
[BlackElo "2248"]
[Result "0-1"]
[Round "08"]
[TimeControl "180+1"]
[Date "2021.07.27"]
[WhiteClock "0:01:44"]
[BlackClock "0:02:34"]

1. e4 g6 2. d3 Bg7 3. Nd2 d6 4. g3 Nf6 5. Bg2 O-O 6. Ngf3 c5 7. O-O Nc6 8. Re1 Rb8 9. h4 Bg4 10. Nf1 Nd4 11. N1h2 Nxf3+ 12. Nxf3 Nd7 13. Qd2 b5 14. Nh2 Be6 15. Qe2 a5 16. h5 a4 17. a3 Ne5 18. hxg6 fxg6 19. f4 Nc6 20. c3 b4 21. axb4 cxb4 22. Rxa4 bxc3 23. bxc3 Bxc3 24. Bd2 Nd4 25. Qd1 Bb3 26. Bxc3 Bxd1 27. Rxd1 Ne2+ 0-1


[Site "https://www.chess.com"]

[Event "Titled Tuesday Blitz July 27 2021"]
[White "Siva Mahadevan"]
[Black "Sadovsky, Artem"]
[WhiteFideId "25043153"]
[BlackFideId "4155840"]
[WhiteElo "2203"]
[BlackElo "2442"]
[Result "1-0"]
[Round "08"]
[TimeControl "180+1"]
[Date "2021.07.27"]
[WhiteClock "0:00:18"]
[BlackClock "0:00:02"]

1. e4 g6 2. d4 Bg7 3. Nc3 c6 4. f4 d5 5. e5 h5 6. Nf3 Nh6 7. Be3 Bg4 8. h3 Nf5 9. Bf2 Bxf3 10. Qxf3 e6 11. Bd3 h4 12. O-O Bf8 13. Ne2 Be7 14. b3 a5 15. a4 Na6 16. c3 Rh5 17. Kh2 Kf8 18. Rad1 Nc7 19. Ng1 Rb8 20. Be2 Rh8 21. Qd3 Qd7 22. Nf3 Qd8 23. Rb1 Na6 24. Qd2 Nc7 25. b4 axb4 26. cxb4 Ra8 27. Ra1 Kg7 28. Rfb1 Ra7 29. Bd3 Qa8 30. Bc2 b5 31. a5 Na6 32. Be1 Qf8 33. Bd3 Ra8 34. Rb3 Rc8 35. Rc1 Rh5 36. Be2 Rh8 37. Qb2 Ne3 38. Rxe3 Bxb4 39. Bxb4 Qxb4 40. Qxb4 Nxb4 41. Rb3 Na6 42. Rbc3 Nb4 43. Rb1 Na6 44. Ne1 Rc7 45. Nd3 Ra8 46. Rbc1 Nb8 47. Ra3 Rca7 48. Rca1 Na6 49. Kg1 Kf8 50. Kf2 Ke7 51. Ke3 f5 52. exf6+ Kxf6 53. Ne5 Nb4 54. Kd2 g5 55. fxg5+ Kxg5 56. Rb1 Na6 57. Nxc6 Rc7 58. Bxb5 Nb8 59. Nxb8 Rxb8 60. a6 Rcb7 61. Bd3 1-0


[Site "https://www.chess.com"]

[Event "Titled Tuesday Blitz July 27 2021"]
[White "Sliwicki, Damian"]
[Black "Dardha, Daniel"]
[WhiteFideId "1127128"]
[BlackFideId "240990"]
[WhiteElo "2475"]
[BlackElo "2744"]
[Result "0-1"]
[Round "08"]
[TimeControl "180+1"]
[Date "2021.07.27"]
[WhiteClock "0:00:03"]
[BlackClock "0:01:08"]

1. e4 c5 2. Nf3 Nf6 3. Nc3 d5 4. e5 Nfd7 5. Nxd5 Nxe5 6. Nxe5 Qxd5 7. Bb5+ Nd7 8. Nxd7 Bxd7 9. Bxd7+ Qxd7 10. O-O g6 11. Re1 Bg7 12. d3 O-O 13. Bg5 e6 14. Qf3 Bxb2 15. Rab1 Bc3 16. Rxb7 Qa4 17. Reb1 Qxa2 18. h4 Qd5 19. Qh3 a5 20. Bh6 Rfd8 21. Qg3 a4 22. Qf4 Qf5 23. Qc4 Bd4 24. Be3 Bxe3 25. fxe3 a3 26. Rf1 Qxf1+ 27. Kxf1 a2 28. Qf4 a1=Q+ 29. Ke2 Rf8 30. h5 Ra2 31. h6 Rxc2+ 32. Kf3 Qf1+ 33. Kg3 Rxg2+ 34. Kh4 Qh1+ 35. Qh2 Qxh2# 0-1


[Site "https://www.chess.com"]

[Event "Titled Tuesday Blitz July 27 2021"]
[White "Solon, Nathan"]
[Black "Milosevic, Milos"]
[WhiteFideId "2017229"]
[BlackFideId "964875"]
[WhiteElo "2624"]
[BlackElo "2135"]
[Result "1-0"]
[Round "08"]
[TimeControl "180+1"]
[Date "2021.07.27"]
[WhiteClock "0:00:10"]
[BlackClock "0:00:02"]

1. d4 f5 2. Bg5 g6 3. Nc3 Bg7 4. e3 Nf6 5. h4 h6 6. Bxf6 Bxf6 7. g4 e6 8. gxf5 exf5 9. h5 g5 10. Bd3 d6 11. Qf3 Qd7 12. Nge2 Nc6 13. Nd5 Bg7 14. O-O-O O-O 15. Rdg1 Qf7 16. Qg2 Be6 17. Nec3 Nd8 18. f4 g4 19. e4 c6 20. exf5 Bxd5 21. Nxd5 cxd5 22. Qxg4 Kh8 23. Rg2 Bxd4 24. c3 Bf6 25. Qf3 d4 26. c4 Nc6 27. Rg6 Kh7 28. a3 Rae8 29. Rhg1 Re3 30. Qd1 Rfe8 31. Kb1 b5 32. cxb5 Ne7 33. Bc2 d3 34. Bb3 d5 35. Qg4 d2 36. Bc2 Re1+ 37. Ka2 Rxg1 38. Qxg1 d4+ 39. Bb3 Nd5 40. Qd1 Qd7 41. Qxd2 Qxf5 42. Bc2 d3 43. Bxd3 Nc3+ 44. bxc3 Qd5+ 45. c4 1-0


[Site "https://www.chess.com"]

[Event "Titled Tuesday Blitz July 27 2021"]
[White "Spata, German"]
[Black "Srihari L R"]
[WhiteFideId "113026"]
[BlackFideId "46617116"]
[WhiteElo "2238"]
[BlackElo "2121"]
[Result "0-1"]
[Round "08"]
[TimeControl "180+1"]
[Date "2021.07.27"]
[WhiteClock "0:00:46"]
[BlackClock "0:01:03"]

1. d4 d6 2. Nc3 Nf6 3. Bf4 Nbd7 4. Nf3 c6 5. e4 g6 6. Qd2 Bg7 7. O-O-O b5 8. e5 b4 9. exf6 bxc3 10. Qxc3 Nxf6 11. Bd3 O-O 12. Qd2 Be6 13. a3 Rb8 14. h4 h5 15. Ng5 Bd5 16. c4 Bxg2 17. Rhg1 e5 18. dxe5 dxe5 19. Bxe5 Ne4 20. Bxe4 Qxd2+ 21. Rxd2 Bxe5 22. Rxg2 Bf4 23. f3 Rfd8 24. Kc2 Bxd2 25. Rxd2 Rxd2+ 26. Kxd2 Rxb2+ 27. Kc3 Rh2 28. Bxc6 Rxh4 29. Bd5 Rf4 30. c5 Rf5 31. Bxf7+ Kg7 32. Kd4 Rxg5 33. c6 Rg1 34. c7 Rd1+ 0-1


[Site "https://www.chess.com"]

[Event "Titled Tuesday Blitz July 27 2021"]
[White "Tanenbaum, Zachary"]
[Black "Nastore, Pavel-Alexandru"]
[WhiteFideId "2060850"]
[BlackFideId "1255002"]
[WhiteElo "2165"]
[BlackElo "1763"]
[Result "0-1"]
[Round "08"]
[TimeControl "180+1"]
[Date "2021.07.27"]
[WhiteClock "0:00:13"]
[BlackClock "0:00:40"]

1. e4 c5 2. Nf3 d6 3. d4 cxd4 4. Nxd4 Nf6 5. Nc3 a6 6. Be3 e5 7. Nb3 Be6 8. h3 h5 9. f4 Be7 10. Qd2 Qc7 11. O-O-O Nbd7 12. Kb1 Rc8 13. f5 Bc4 14. Bd3 b5 15. g4 h4 16. g5 Nh5 17. Bxc4 Qxc4 18. Nd5 Bd8 19. g6 Ng3 20. gxf7+ Kxf7 21. Rhg1 Nxe4 22. Qg2 Ng3 23. Rd2 a5 24. a3 a4 25. Nc1 Ba5 26. Rd3 Nc5 27. Bxc5 Qxc5 28. Ne3 e4 29. Rd5 Qxe3 30. Rxb5 Bd2 31. Rb7+ Kf6 32. Rd1 Bxc1 33. Rxd6+ Ke5 34. Re6+ Kxf5 35. Ree7 Rh6 36. Rf7+ Rf6 37. Rxg7 Qd2 38. Qg1 Qxc2+ 39. Ka1 Bxb2+ 40. Rxb2 Qc1+ 41. Qxc1 Rxc1+ 42. Ka2 e3 43. Rb5+ Ke4 44. Rg4+ Kf3 45. Rf5+ Rxf5 46. Rb4 Rc2+ 47. Kb1 Rfc5 48. Ka1 Rc1+ 49. Ka2 R5c2+ 50. Rb2 Rxb2+ 51. Kxb2 e2 52. Ka2 Rc2+ 53. Kb1 e1=Q+ 54. Kxc2 Qe2+ 55. Kb1 Qd3+ 56. Kb2 Qb3+ 57. Ka1 Qxa3+ 58. Kb1 Qb3+ 59. Ka1 Qc3+ 60. Ka2 Qd2+ 61. Ka3 Ke4 62. Kxa4 Qb2 63. Ka5 Qb3 64. Ka6 Qb4 65. Ka7 Qb5 66. Ka8 Kd5 67. Ka7 Kc6 68. Ka8 Qb7# 0-1


[Site "https://www.chess.com"]

[Event "Titled Tuesday Blitz July 27 2021"]
[White "Tang, Andrew"]
[Black "Zubov, Alexander"]
[WhiteFideId "2059630"]
[BlackFideId "14109409"]
[WhiteElo "2599"]
[BlackElo "2740"]
[Result "0-1"]
[Round "08"]
[TimeControl "180+1"]
[Date "2021.07.27"]
[WhiteClock "0:00:02"]
[BlackClock "0:00:26"]

1. d4 Nf6 2. c4 g6 3. f3 e6 4. e4 d5 5. cxd5 exd5 6. Nc3 dxe4 7. fxe4 Bg7 8. Nf3 O-O 9. Bd3 c5 10. d5 Bg4 11. O-O Nbd7 12. Be3 Ne8 13. Qd2 Bxf3 14. gxf3 f5 15. exf5 gxf5 16. Ne2 Nd6 17. Nf4 c4 18. Bc2 Qf6 19. Kh1 c3 20. bxc3 Qxc3 21. Qf2 Rac8 22. Bb3 Qb4 23. Rad1 a5 24. Ne6 Rf7 25. Rg1 Nf8 26. Bd4 Ng6 27. Nxg7 Rxg7 28. Bxg7 Kxg7 29. Rde1 a4 30. Bc2 Qc5 31. Qxc5 Rxc5 32. Bxa4 Rc3 33. Rgf1 Rd3 34. Bb3 Nf4 35. Re7+ Kg6 36. Rg1+ Kf6 37. Rxh7 Rxf3 38. Rh6+ Ke5 39. Re1+ Ne4 40. d6 Rd3 41. Rf1 Nxd6 42. Rh3 Rxh3 43. Re1+ Ne4 44. Rf1 b5 0-1


[Site "https://www.chess.com"]

[Event "Titled Tuesday Blitz July 27 2021"]
[White "Tokman, Ariel"]
[Black "Kretov, Evgenij"]
[WhiteFideId "117420"]
[BlackFideId "4167821"]
[WhiteElo "2345"]
[BlackElo "2400"]
[Result "0-1"]
[Round "08"]
[TimeControl "180+1"]
[Date "2021.07.27"]
[WhiteClock "0:00:01"]
[BlackClock "0:00:51"]

1. c4 Nf6 2. g3 e6 3. Bg2 d5 4. Nc3 c5 5. cxd5 exd5 6. Nf3 d4 7. Nb1 Nc6 8. O-O Bd6 9. d3 h6 10. Nbd2 O-O 11. a3 Be6 12. Nc4 Bc7 13. a4 Qd7 14. Bd2 Rae8 15. a5 Nd5 16. Qa4 Bg4 17. Rfe1 Ncb4 18. Bxb4 Nxb4 19. Qxd7 Bxd7 20. Rac1 Bc6 21. Nfd2 Bxg2 22. Kxg2 Rc8 23. Ne4 b6 24. Ned6 Bxd6 25. Nxd6 Rb8 26. Nb5 Rb7 27. Rc4 Rd8 28. axb6 axb6 29. Ra1 Kf8 30. Ra4 Nd5 31. h4 Ke7 32. Kf3 Ke6 33. Ra6 Ke5 34. Rca4 Rdd7 35. Ra8 h5 36. Na3 Kf5 37. R4a6 Nb4 38. Ra4 g6 39. Rc8 Rdc7 40. Rxc7 Rxc7 41. Ra8 Ke6 42. Nc4 Nd5 43. Ra6 Rc6 44. Na5 Rc7 45. Nc4 Rb7 0-1


[Site "https://www.chess.com"]

[Event "Titled Tuesday Blitz July 27 2021"]
[White "Tomiello, Lucas Costamilan"]
[Black "Eggleston, Thomas A"]
[WhiteFideId "22701940"]
[BlackFideId "412139"]
[WhiteElo "1945"]
[BlackElo "2174"]
[Result "1-0"]
[Round "08"]
[TimeControl "180+1"]
[Date "2021.07.27"]
[WhiteClock "0:00:06"]
[BlackClock "0:00:16"]

1. e4 e6 2. d4 d5 3. Nd2 c5 4. dxc5 Bxc5 5. Bd3 Nf6 6. e5 Nfd7 7. f4 Bxg1 8. Rxg1 Qh4+ 9. g3 Qxh2 10. Nf3 Qh3 11. Qe2 Nc6 12. Ng5 Qh6 13. c3 f5 14. exf6 Qxf6 15. Nxh7 Rxh7 16. Bxh7 g6 17. Bd2 Nf8 18. Rh1 Qg7 19. Qh2 Bd7 20. Qh6 Qf7 21. f5 exf5 22. Bg5 Ne5 23. O-O-O Ng4 24. Rde1+ Be6 25. Qh4 Kd7 26. Re2 Rc8 27. Rhe1 Rc6 28. Kb1 Nxh7 29. Bf4 Nf8 30. Qh1 Kc8 31. Rd1 b6 32. Qh8 Kb7 33. Rde1 d4 34. cxd4 Bxa2+ 35. Ka1 Bc4 36. Re7+ Qxe7 37. Rxe7+ Ka6 38. Qxf8 Bb3 39. Qg7 Rc4 40. Rxa7+ Kb5 41. Qd7+ Kb4 42. Rb7 Ba4 43. Rxb6+ Ka5 44. Qd5+ Rc5 45. Bd2+ Kxb6 46. Qxc5+ Kb7 47. d5 Nf6 48. Qb4+ Kc7 49. Qxa4 Kd6 50. Qc6+ Ke5 51. Bc3+ 1-0


[Site "https://www.chess.com"]

[Event "Titled Tuesday Blitz July 27 2021"]
[White "Tomiello, Mateus Costamilan"]
[Black "Poormosavi, Seyed Kian"]
[WhiteFideId "22701958"]
[BlackFideId "12585807"]
[WhiteElo "1995"]
[BlackElo "2134"]
[Result "0-1"]
[Round "08"]
[TimeControl "180+1"]
[Date "2021.07.27"]
[WhiteClock "0:00:05"]
[BlackClock "0:00:10"]

1. e4 c5 2. Nf3 Nc6 3. Bb5 g6 4. Bxc6 dxc6 5. O-O Bg7 6. d3 Nf6 7. Nc3 Nd7 8. Be3 b6 9. Qd2 h6 10. Ne1 e5 11. f4 exf4 12. Bxf4 g5 13. Be3 O-O 14. h4 f6 15. hxg5 fxg5 16. Rxf8+ Qxf8 17. Nf3 Qe7 18. d4 g4 19. Nh2 h5 20. Rf1 Bb7 21. Rf5 Qe8 22. Nf1 Bc8 23. Ng3 Nf6 24. Re5 Qd7 25. Nf5 Nxe4 26. Nxe4 Bxe5 27. dxe5 Qxd2 28. Nh6+ Kg7 29. Bxd2 Be6 30. b3 Rd8 31. Be3 Rd1+ 32. Kf2 h4 33. Nf6 Kg6 34. Nhxg4 Ra1 35. a4 Ra2 36. Kf3 Rxc2 37. Nf2 Bxb3 38. a5 bxa5 39. N2e4 a4 40. Nxc5 Kf5 41. Bd4 Rd2 42. Bc3 Bd1+ 43. Ke3 Rxg2 44. Nfe4 h3 45. Nd6+ Kg6 46. e6 Rg3+ 47. Kf4 Rf3+ 48. Ke4 Rf8 49. e7 Rh8 50. Nd3 h2 51. Nf4+ Kg5 52. Nf7+ Kg4 53. Nxh8 h1=Q+ 54. Ke5 Bc2 55. e8=Q Qe4+ 56. Kf6 Qxe8 57. Nhg6 Bxg6 58. Nxg6 a3 59. Ne5+ Kg3 60. Nd3 Qh8+ 61. Kf5 Qxc3 0-1


[Site "https://www.chess.com"]

[Event "Titled Tuesday Blitz July 27 2021"]
[White "Trent, Lawrence"]
[Black "Petrovskyi, Vadym"]
[WhiteFideId "408638"]
[BlackFideId "14165210"]
[WhiteElo "2474"]
[BlackElo "2305"]
[Result "0-1"]
[Round "08"]
[TimeControl "180+1"]
[Date "2021.07.27"]
[WhiteClock "0:00:38"]
[BlackClock "0:00:16"]

1. d4 Nf6 2. Bg5 c5 3. d5 Qb6 4. Nc3 d6 5. e4 g6 6. Bb5+ Bd7 7. a4 a6 8. Bxd7+ Nbxd7 9. Nge2 Bg7 10. a5 Qc7 11. f3 O-O 12. Qd2 e6 13. dxe6 fxe6 14. O-O Ne5 15. b3 Rad8 16. Rfd1 Nc6 17. Ra4 Nxa5 18. e5 dxe5 19. Qc1 Nc6 20. Rxd8 Rxd8 21. Ne4 Qe7 22. c3 Qf8 23. h4 Rd7 24. N2g3 Nd5 25. h5 Nf4 26. h6 Bxh6 27. Bxh6 Qxh6 28. Nf6+ Kf7 29. Rxf4 Qxf4 30. Qxf4 Rd1+ 31. Nf1 exf4 32. Ne4 b6 33. Ng5+ Ke7 34. Nxh7 Rd5 35. g4 fxg3 36. Nxg3 Rd3 37. Ne4 Rxf3 38. Nhg5 Rf5 39. Kg2 Ne5 40. Kg3 Rf1 41. Nh3 Rb1 42. Kf4 Nd7 43. Nd2 Rc1 44. Ne4 e5+ 45. Ke3 Re1+ 46. Kd3 Nf6 47. Nd2 e4+ 48. Kc2 e3 49. Nc4 Nd5 50. Ng5 Rg1 51. Nf3 Rg2+ 52. Kd3 e2 53. Kd2 Nf4 54. Nxb6 Rf2 55. Ne1 g5 56. Na4 Kd6 57. Nb2 g4 58. Nc4+ Kc7 59. Ne3 g3 60. b4 cxb4 61. cxb4 g2 0-1


[Site "https://www.chess.com"]

[Event "Titled Tuesday Blitz July 27 2021"]
[White "Tristan, Leonardo"]
[Black "Demchenko, Anton"]
[WhiteFideId "113816"]
[BlackFideId "4160258"]
[WhiteElo "2404"]
[BlackElo "2593"]
[Result "1-0"]
[Round "08"]
[TimeControl "180+1"]
[Date "2021.07.27"]
[WhiteClock "0:00:09"]
[BlackClock "0:00:08"]

1. d4 d5 2. Bf4 Nf6 3. e3 e6 4. Nf3 c5 5. Nbd2 Nc6 6. c3 Nh5 7. Bg5 f6 8. Bh4 g6 9. g4 Ng7 10. Bg3 Bd6 11. Bd3 cxd4 12. exd4 O-O 13. Qc2 Rf7 14. O-O-O Nb4 15. Qb1 Rc7 16. a3 a5 17. Bxd6 Qxd6 18. Bxg6 hxg6 19. Qxg6 Bd7 20. Kb1 Qf4 21. cxb4 axb4 22. axb4 Bb5 23. Rc1 Rf7 24. g5 Be2 25. Rc3 fxg5 26. Nxg5 Qf5+ 27. Qxf5 Rxf5 28. Rg1 Rf6 29. Re3 Bh5 30. Ndf3 Bg6+ 31. Kc1 Ra2 32. Rg3 Kf8 33. Ne5 Be8 34. Nh7+ Ke7 35. Nxf6 Kxf6 36. Ng4+ Ke7 37. Rgf3 Kd6 38. Nf6 Bb5 39. Ra3 Rxa3 40. bxa3 Nf5 41. Rxf5 exf5 42. Kd2 Ke6 43. Nh5 Kf7 44. Ke3 Bc4 45. Ng3 Ke6 46. Kf4 Bd3 47. h4 Kf6 48. h5 b6 49. h6 Kg6 50. h7 Kxh7 51. Nxf5 Bc4 52. Ke5 Kg6 53. Ne7+ Kg5 54. Nxd5 Kg4 55. Ne3+ Kf3 56. Nxc4 Kxf2 57. Nxb6 1-0


[Site "https://www.chess.com"]

[Event "Titled Tuesday Blitz July 27 2021"]
[White "Tsaruk, Maksim"]
[Black "Pourkashiyan, Atousa"]
[WhiteFideId "13511173"]
[BlackFideId "12502014"]
[WhiteElo "2184"]
[BlackElo "2285"]
[Result "1-0"]
[Round "08"]
[TimeControl "180+1"]
[Date "2021.07.27"]
[WhiteClock "0:00:53"]
[BlackClock "0:00:13"]

1. d4 Nf6 2. Nf3 d5 3. Bf4 e6 4. e3 c5 5. Nbd2 Bd6 6. Bg3 Nc6 7. c3 Bxg3 8. hxg3 Qd6 9. Bd3 h6 10. Qe2 e5 11. dxe5 Nxe5 12. Nxe5 Qxe5 13. e4 dxe4 14. Nxe4 Nxe4 15. Bxe4 Qe7 16. O-O-O Be6 17. Qb5+ Kf8 18. Rhe1 h5 19. Qxb7 Qxb7 20. Bxb7 Rb8 21. Bd5 Ke7 22. Bxe6 fxe6 23. Rd5 Rbc8 24. Ree5 c4 25. Ra5 h4 26. Rxa7+ Kf6 27. Re3 hxg3 28. Rxg3 g5 29. Rf3+ Kg6 30. Ra6 Rce8 31. Rc6 Rh2 32. g3 Rh1+ 33. Kc2 Ra1 34. a3 Re1 35. Rxc4 Rd8 36. Rd4 Re2+ 37. Kd3 Rxd4+ 38. Kxe2 Rd6 39. Rd3 Rb6 40. Rd2 Rb3 41. Kd3 Kf5 42. Kc4 Rb8 43. b4 Ke4 44. a4 Rc8+ 45. Kb3 Kf3 46. a5 e5 47. b5 Rb8 48. c4 e4 49. a6 g4 50. Kb4 e3 51. fxe3 Kxg3 52. a7 Ra8 53. b6 Kf3 54. c5 Rxa7 55. bxa7 1-0


[Site "https://www.chess.com"]

[Event "Titled Tuesday Blitz July 27 2021"]
[White "Tsotsonava, Elene"]
[Black "Karttunen, Mika"]
[WhiteFideId "13615939"]
[BlackFideId "502081"]
[WhiteElo "1847"]
[BlackElo "2343"]
[Result "0-1"]
[Round "08"]
[TimeControl "180+1"]
[Date "2021.07.27"]
[WhiteClock "0:00:01"]
[BlackClock "0:00:12"]

1. e4 e6 2. d4 d5 3. Nd2 Nc6 4. Ngf3 Nf6 5. e5 Nd7 6. c3 Na5 7. Bd3 c5 8. O-O Nc6 9. Re1 a5 10. Nf1 a4 11. Bg5 Qa5 12. a3 b6 13. Ng3 Ba6 14. Bc2 Bc4 15. Nd2 b5 16. f4 cxd4 17. cxd4 Nxd4 18. Nxc4 bxc4 19. f5 Nxc2 20. Qxc2 Nc5 21. fxe6 fxe6 22. Bd2 Qb5 23. Rf1 Nd3 24. Bc3 Bc5+ 25. Kh1 Rf8 26. Nh5 Ra7 27. Rxf8+ Kxf8 28. Nf4 Nxf4 29. Qxh7 Rf7 30. Rf1 Nd3 31. Qh8+ Ke7 32. Qh4+ Ke8 33. Qh8+ Bf8 34. Qh5 Qd7 35. Bb4 Nxb4 36. axb4 Bxb4 37. Qg6 d4 38. h4 d3 39. h5 d2 40. h6 gxh6 41. Qg8+ Bf8 42. Qg4 Rxf1+ 43. Kh2 d1=Q 44. Qg6+ Qf7 45. Qxh6 Rh1+ 46. Kg3 Qe1+ 47. Kg4 Qf5# 0-1


[Site "https://www.chess.com"]

[Event "Titled Tuesday Blitz July 27 2021"]
[White "ValeriyGrinev"]
[Black "Sokolin, Leonid"]
[BlackFideId "2009161"]
[WhiteElo "2603"]
[BlackElo "2394"]
[Result "0-1"]
[Round "08"]
[TimeControl "180+1"]
[Date "2021.07.27"]
[WhiteClock "0:00:05"]
[BlackClock "0:00:52"]

1. d4 Nf6 2. c4 e6 3. Nc3 Bb4 4. e3 c5 5. Ne2 cxd4 6. Qxd4 Nc6 7. Qd3 Ne5 8. Qd4 Qa5 9. a3 Nc6 10. Qd1 Be7 11. Nd4 O-O 12. Be2 Rd8 13. O-O a6 14. Bd2 Qc7 15. Rc1 Ne5 16. b4 b6 17. f4 Nxc4 18. Ncb5 axb5 19. Nxb5 Qb7 20. Rxc4 Ne8 21. Qc2 d5 22. Rc3 Bd7 23. Rc1 Bf6 24. Nd4 Rdc8 25. Rxc8 Rxc8 26. Qb2 Nd6 27. Rxc8+ Qxc8 28. Qc3 Nc4 29. Bxc4 Qxc4 30. Qxc4 dxc4 31. Bc3 b5 32. Ne2 Bd8 33. Bd4 f6 34. Nc3 Bc7 35. g3 Kf7 36. Kf2 e5 37. Bc5 Ke6 38. Kf3 Bc6+ 39. Kg4 f5+ 40. Kh5 Be8+ 41. Kh4 h6 42. Bf8 Kf7 43. Bc5 Bc6 44. fxe5 Bxe5 45. Bd4 Bd6 46. Kh5 Bf3+ 47. Kh4 Bg4 48. Bxg7 Be7+ 0-1


[Site "https://www.chess.com"]

[Event "Titled Tuesday Blitz July 27 2021"]
[White "Volkov, Maksim"]
[Black "Provotorov, Ivan"]
[WhiteFideId "54123070"]
[BlackFideId "4154657"]
[WhiteElo "2113"]
[BlackElo "2270"]
[Result "1-0"]
[Round "08"]
[TimeControl "180+1"]
[Date "2021.07.27"]
[WhiteClock "0:01:03"]
[BlackClock "0:00:03"]

1. d4 d5 2. c4 dxc4 3. e3 b5 4. a4 b4 5. Bxc4 e6 6. Nf3 Nf6 7. O-O Bb7 8. Nbd2 Be7 9. a5 a6 10. Nb3 Nbd7 11. Ne5 Nxe5 12. dxe5 Qxd1 13. Rxd1 Nd7 14. f4 O-O-O 15. Bd2 Nc5 16. Nd4 Ne4 17. Be1 c5 18. Nf3 Rxd1 19. Rxd1 Rd8 20. Ra1 Kc7 21. Kf1 Ra8 22. Rc1 Rd8 23. Ke2 g5 24. f5 g4 25. Nd2 Nxd2 26. Bxd2 Bxg2 27. f6 Bf3+ 28. Ke1 Bf8 29. Bxa6 Ra8 30. Bd3 Rxa5 31. Bxb4 Ra2 32. Ba3 Bh6 33. Bc4 Bxe3 34. Rb1 Rxa3 35. bxa3 Bf4 36. a4 Bxh2 37. Bxe6 g3 38. Bxf7 g2 39. Kf2 1-0


[Site "https://www.chess.com"]

[Event "Titled Tuesday Blitz July 27 2021"]
[White "Weetik, Vjacheslav"]
[Black "Pelopidass"]
[WhiteFideId "4153472"]
[WhiteElo "2469"]
[BlackElo "2578"]
[Result "1-0"]
[Round "08"]
[TimeControl "180+1"]
[Date "2021.07.27"]
[WhiteClock "0:01:11"]
[BlackClock "0:00:06"]

1. e4 e5 2. Nf3 Nc6 3. Nc3 Nf6 4. Bb5 Nd4 5. Bc4 Bc5 6. Nxe5 Qe7 7. Nf3 d5 8. Bxd5 Bg4 9. d3 O-O-O 10. Be3 Nxd5 11. Nxd5 Rxd5 12. exd5 Nxf3+ 13. gxf3 Re8 14. d4 Qh4 15. Kd2 Bxd4 16. fxg4 Rxe3 17. fxe3 1-0


[Site "https://www.chess.com"]

[Event "Titled Tuesday Blitz July 27 2021"]
[White "Willow, Jonah B"]
[Black "Devaev, Alexander"]
[WhiteFideId "438804"]
[BlackFideId "4169395"]
[WhiteElo "2261"]
[BlackElo "2185"]
[Result "1-0"]
[Round "08"]
[TimeControl "180+1"]
[Date "2021.07.27"]
[WhiteClock "0:00:35"]
[BlackClock "0:00:05"]

1. e4 c6 2. d4 d5 3. Nd2 dxe4 4. Nxe4 Nf6 5. Nxf6+ exf6 6. c3 Bd6 7. Bd3 Na6 8. Qc2 h5 9. Ne2 Nc7 10. Bf4 Nd5 11. Bxd6 Qxd6 12. O-O g6 13. Rfe1 Kf8 14. a3 Kg7 15. Rad1 Bg4 16. c4 Bxe2 17. Bxe2 Nf4 18. Bf1 h4 19. d5 c5 20. b4 Rac8 21. Qb3 b6 22. Re3 g5 23. Rde1 Ng6 24. Bd3 Ne5 25. Bf5 cxb4 26. Bxc8 Rxc8 27. Qxb4 Qxb4 28. axb4 Rxc4 29. Rb1 Rd4 30. Ra3 Rxd5 31. Rxa7 h3 32. gxh3 Nf3+ 33. Kg2 Nh4+ 34. Kf1 Nf3 35. Rc1 Rd4 36. b5 Rd5 37. Ra3 Ne5 38. Rb3 Rd2 39. Rcc3 Kg6 40. Ke1 Rd6 41. Rc2 f5 42. Rd2 Re6 43. Kf1 f4 44. Re2 f6 45. Rd2 Kf5 46. Rb4 Re8 47. Rd6 Ra8 48. Rb1 Ra2 49. Rxb6 Nf3 50. Ra6 1-0


[Site "https://www.chess.com"]